 Dungeon Crawl Stone Soup version 0.30.0-5-g1a98f26d00 (webtiles) character file.

Game seed: 16089642189714830396

0 dialectric the Sneak (level 1, -3/10 HPs)
             Began as a Felid Delver on May 8, 2023.
             Slain by an adder (4 damage)
             ... on level 5 of the Dungeon.
             The game lasted 00:00:20 (33 turns).

dialectric the Sneak (Felid Delver)                   Turns: 33, Time: 00:00:21

Health: -3/10      AC:  1    Str:  8    XL:     1   Next: 0%
Magic:  2/2        EV: 17    Int: 11    God:
Gold:   0          SH:  0    Dex: 17    Spells: 0/0 levels left
                                        Lives:  0   Deaths: 0

rFire   . .          .
                       - Unarmed
rCold   . . .        (shield unavailable)
rNeg    . . .        (body armour unavailable)
rPois   .            (helmet unavailable)
rElec   .            (cloak unavailable)
rCorr   .            (gloves unavailable)
SInv    +            (boots unavailable)
Will    .....        (no amulet)
Stlth   +++          (no ring)
HPRegen 0.21/turn    (no ring)
MPRegen 0.08/turn

%: no passive effects
@: lethally poisoned (-3 -> -6), quick
A: very small, claws 1, fangs 3, see invisible, speed 1, shaggy fur 1, stealthy
paws, no weapons or thrown items, no armour, multi-lived
a: no special abilities


You were on level 5 of the Dungeon.
You visited 1 branch of the dungeon, and saw 2 of its levels.

Inventory:

Wands
 e - a wand of digging (3)
Scrolls
 a - a scroll of fog
 b - a scroll of magic mapping
 c - a scroll of fear
Potions
 d - a potion of haste


   Skills:
 + Level 3.0 Fighting
 + Level 2.6 Dodging
 + Level 6.6 Stealth
 + Level 2.0 Unarmed Combat


You couldn't memorise any spells.
You didn't know any spells.
Your spell library was empty.

Dungeon Overview and Level Annotations

Branches:
Dungeon (6/15)
 Temple: D:4-7

Altars:
Xom

Annotations:
D:6 Grinder


Innate Abilities, Weirdness & Mutations

You have sharp claws.
You have razor-sharp teeth.
You have supernaturally acute eyesight. (SInv)
You cover ground quickly. (Speed+)
You are covered in fur. (AC +1)
Your paws help you pounce on unaware monsters.
You are incapable of wielding weapons or throwing items.
You cannot wear armour.
You gain extra lives every three experience levels.


Message History

Found 6 gold pieces.
Found a shimmering altar of Xom.
There is a stone staircase leading up here.
The black bear growls angrily.
The hound barks!
The iguana hisses angrily.
The adder hisses angrily.
You hear a shout!
A kobold brigand comes into view.
It is wielding a +0 dagger and quivering poisoned darts.
A gnoll sergeant comes into view. It is wielding a +0 trident.
The black bear is engulfed in noxious fumes.
The black bear appears confused.
The black bear falls into the lava!
The black bear is incinerated.
Unknown command.
The adder misses you.
The gnoll sergeant is engulfed in noxious fumes.
The gnoll sergeant appears confused.
You climb upwards.
There is a stone staircase leading down here.
Unknown command.
Unknown command.
You scratch the adder but do no damage. The adder bites you.
You are poisoned.
The adder poisons you!
You scratch the adder but do no damage.
You feel sick. The adder misses you.
You scratch the adder but do no damage.
You feel sick. The adder closely misses you. The adder barely misses you.
You scratch the adder.
The adder is heavily wounded.
You feel sick. The adder bites you.
* * * LOW HITPOINT WARNING * * *
You miss the adder.
The adder is heavily wounded.
You feel sick.
You are no longer poisoned.
The adder closely misses you.
You barely miss the adder.
The adder is heavily wounded.
The adder bites you.
* * * LOW HITPOINT WARNING * * *
You are lethally poisoned!
The adder poisons you! The adder bites you.
You die... .......## .PP.P ........# .PPPP

#......##......
##.......#...... #...
#...#(.....
#..###.>....PPP
#..........P.P #
###.#.#...#..P.P
###.#@..####.##.[.PP
.......S..####.........
...........#...........
.#................###..
#................#.# .
.....###...#.....#...
...........##....# #(#
........##.###..... ##
..## ..# #.....#


You could see an adder.

Vanquished Creatures (others)
  A black bear (D:6)
  An adder (D:6)
2 creatures vanquished.

Notes
Turn   | Place    | Note
-------+----------+-------------------------------------------
     0 | D:5      | dialectric the Felid Delver began the quest for the Orb.
     0 | D:5      | Reached XP level 1. HP: 10/10 MP: 2/2
     8 | D:6      | Noticed Grinder
     8 | D:6      | Noticed an iguana
     8 | D:6      | Noticed a howler monkey
     8 | D:6      | Noticed a phantom
    23 | D:6      | Noticed an iguana
    23 | D:6      | Noticed a wight
    23 | D:6      | Noticed a hound
    23 | D:6      | Noticed a black bear
    23 | D:6      | Noticed a scorpion
    23 | D:6      | Found a shimmering altar of Xom.
    24 | D:6      | Noticed a kobold brigand
    24 | D:6      | Noticed a gnoll sergeant
    25 | D:6      | Killed a black bear
    33 | D:5      | Slain by an adder

Illustrated notes

Levels and vault maps discovered:
D:5:      layout_cave_pools, kennysheep_okawaru_gauntlet, serial_park,
          serial_park_tiny_2, serial_park_square2, serial_park_tiny_2,
          serial_park_gazebo [serial_park_minivault_5x5_7], serial_park_tiny_1,
          serial_park_tiny_pond
D:6:      layout_cave_pools, xom_confusion_cloud, uniq_grinder, uniq_duvessa

Action                     || total
---------------------------++-------
  Melee: Unarmed           ||     6
  Dodge: Dodged            ||     5
